 Dungeon Crawl Stone Soup version 0.31.0-11-ge490571c62 (webtiles) character file.

Game seed: 16009760819721388822

15362 mopl the Carver (level 12, 0/94 HPs)
             Began as a Merfolk Fighter on Feb 6, 2024.
             Was a High Priest of Okawaru.
             Slain by a culicivora (17 damage)
             ... on level 3 of the Lair of Beasts on Feb 7, 2024.
             The game lasted 00:20:44 (15923 turns).

mopl the Carver (Merfolk Fighter)                  Turns: 15923, Time: 00:20:44

Health: 0/94       AC: 24    Str: 25    XL:     12   Next: 26%
Magic:  17/17      EV: 12    Int:  7    God:    Okawaru [*****.]
Gold:   964        SH:  6    Dex: 13    Spells: 11/11 levels left

rFire   . . .        a - +0 scimitar (flame)
rCold   + . .        c - +0 buckler
rNeg    . . .        j - +0 plate armour
rPois   .            t - +1 hat
rElec   .            h - +2 cloak
rCorr   +            l - +2 pair of gloves {Str+3}
SInv    .            T - +0 pair of boots
Will    .....        J - amulet of magic regeneration Stlth
                     k - ring of protection from cold
HPRegen 0.35/turn    m - ring of resist corrosion
MPRegen 0.55/turn

%: no passive effects
@: heroic
A: (nimble swimmer 2), mertail
a: Renounce Religion, Heroism, Finesse, Duel


You were on level 3 of the Lair of Beasts.
You worshipped Okawaru.
Okawaru was extremely pleased with you.
You visited 3 branches of the dungeon, and saw 15 of its levels.

You collected 964 gold pieces.

Inventory:

Hand Weapons
 a - a +0 scimitar of flaming (weapon)
 b - a +0 short sword of venom
Missiles
 e - 2 javelins
 g - 12 poisoned darts (quivered)
 B - 15 boomerangs
 C - 2 throwing nets
 M - a dart of dispersal
 S - a silver javelin
Armour
 c - a +0 buckler (worn)
 h - a +2 cloak (worn)
 j - a +0 plate armour (worn)
 l - a +2 pair of gloves of strength (worn)
 t - a +1 hat (worn)
 A - a scarf of repulsion
 T - a +0 pair of boots (worn)
Jewellery
 k - a ring of protection from cold (left hand)
 m - a ring of resist corrosion (right hand)
 z - a ring of positive energy
 J - an amulet of magic regeneration (around neck)
Wands
 o - a wand of digging (3)
 E - a wand of iceblast (3)
 G - a wand of flame (12)
 Q - a wand of mindburst (6)
Scrolls
 i - 2 scrolls of amnesia {unknown}
 n - 5 scrolls of teleportation
 q - 3 scrolls of immolation {unknown}
 r - a scroll of silence {unknown}
 s - a scroll of brand weapon {unknown}
 w - 3 scrolls of vulnerability {unknown}
 y - 2 scrolls of fog {unknown}
 H - 2 scrolls of poison {unknown}
 I - a scroll of blinking {unknown}
 R - a scroll of butterflies {unknown}
Potions
 d - 3 potions of might
 f - 2 potions of curing
 p - a potion of heal wounds
 u - 2 potions of haste
 v - 3 potions of cancellation
 x - a potion of attraction
 D - 2 potions of brilliance {unknown}
 F - 3 potions of lignification {unknown}
 K - 2 potions of berserk rage {unknown}
 L - a potion of invisibility
 N - a potion of enlightenment
 O - 3 potions of ambrosia
 P - a potion of magic


   Skills:
 + Level 8.9(13.9) Fighting
 * Level 12.5(17.5) Long Blades
 + Level 6.8(11.8) Throwing
 + Level 6.1(11.1) Armour
 + Level 9.5(14.5) Dodging
 - Level 3.0(8.0) Shields
 + Level 7.0 Invocations
 + Level 4.9 Evocations


You had 11 spell levels left.
You didn't know any spells.
Your spell library contained the following spells:

 Spells                   Type           Power      Damage    Failure   Level
 Hailstorm                Conj/Ice       0%         3d5       100%        3
 Stone Arrow              Conj/Erth      0%         3d7       100%        3
 Passage of Golubria      Tloc           0%         N/A       100%        4
 Vhi's Electric Charge    Tloc/Air       0%         N/A       100%        4
 Freezing Cloud           Conj/Ice/Air   0%         6-21      100%        5
 Lehudib's Crystal Spear  Conj/Erth      0%         10d2      100%        8
 Animate Armour           Summ/Erth      Unusable   N/A       N/A         4

Dungeon Overview and Level Annotations

Branches:
Dungeon (11/15)            Temple (1/1) D:5            Lair (3/5) D:8
  Swamp: Lair:2-3    Shoals: Lair:2-3     Snake: Lair:2-3    Spider: Lair:2-3
    Orc: D:9-12

Altars:
Ashenzari
Cheibriados
Dithmenos
Elyvilon
Fedhas
Gozag
Hepliaklqana
Kikubaaqudgha
Makhleb
Nemelex Xobeh
Okawaru
Qazlal
Ru
Sif Muna
Trog
Uskayaw
Vehumet
Wu Jian
Xom
Yredelemnul
Zin
The Shining One

Shops:
D:1 (

Annotations:
D:6 1 runed translucent door, unihiutale's ghost, novice OpDe
Lair:1 exclusion: oklob plant


Innate Abilities, Weirdness & Mutations

((You are very nimble when in or above water. (Stealth+, EV+, Speed+++)))
Your lower body shifts to a powerful aquatic tail in water.


Message History

You hit the culicivora but do no damage.
The culicivora misses you. You block the culicivora's attack.
You slash the culicivora! You burn the culicivora.
The culicivora is heavily wounded.
The culicivora bites you but does no damage.
You block the culicivora's attack.
The culicivora chitters at the culicivora.
The culicivora is healed somewhat.
The culicivora bites you!
The culicivora draws strength from your injuries!
The culicivora chitters at the culicivora.
The culicivora is healed somewhat.
The culicivora barely misses you.
The culicivora chitters at the culicivora.
The culicivora's wounds heal themselves!
Found a redback corpse.
The culicivora bites you!
The culicivora draws strength from your injuries!
A water moccasin comes into view.
The water moccasin hisses angrily.
The culicivora closely misses you.
The water moccasin completely misses you.
The water moccasin bites you but does no damage.
You slash the water moccasin! You burn the water moccasin.
The water moccasin is heavily wounded.
The culicivora bites you but does no damage.
The water moccasin barely misses you.
You hit the water moccasin. You burn the water moccasin.
The water moccasin is severely wounded.
The culicivora bites you!!
* * * LOW HITPOINT WARNING * * *
The culicivora draws strength from your injuries!
You block the water moccasin's attack.
You closely miss the water moccasin.
The water moccasin is severely wounded.
The culicivora closely misses you.
The water moccasin bites you but does no damage.
You slash the water moccasin! You burn the water moccasin.
You kill the water moccasin!
Okawaru accepts your kill. The culicivora bites you!
You die...

########## ##.####.#
###.#....#.#####....#.###
..<......................
.........................
#........#######.#.###.##
##P#.....# #s.## #
########.# #s#.# # #.#
+s### .# ..# #@# .# ..#
#.†..# .# #.#.#.# ##
..#.# ##. # #


You could see 3 culicivoras.

Vanquished Creatures
  A catoblepas (Lair:2)
  A hydra (Lair:3)
  Pikel (D:6)
  A cyclops (D:11)
  3 black mambas
  A cane toad (Lair:1)
  A gargoyle (D:9)
  2 unseen horrors
  A kobold demonologist (D:10)
  An efreet (D:9)
  9 komodo dragons
  A troll (D:10)
  A hornet (D:10)
  3 wyverns
  A human (D:9)
  3 yaks (Lair:2)
  Eustachio (D:5)
  2 basilisks (D:7)
  An acid dragon (D:11)
  11 water moccasins
  An ice beast (D:5)
  6 black bears
  5 orc warriors
  17 wolves
  An ogre (D:5)
  A centaur (D:8)
  A phantom (D:5)
  3 lemures (D:6)
  12 bullfrogs
  2 kobold brigands (D:8)
  Blork the orc (D:5)
  2 gnoll sergeants
  5 wights (D:9)
  A scorpion (D:7)
  2 howler monkeys
  4 bombardier beetles
  3 lava snakes
  A jelly (D:4)
  3 orc priests
  A gnoll bouda (D:6)
  6 hounds
  A sleepcap (D:4)
  3 iguanas
  11 orc wizards
  14 adders
  18 gnolls
  A shadow imp (D:8)
  5 dart slugs
  2 ribbon worms
  47 orcs
  9 ball pythons
  8 endoplasms
  A giant cockroach (D:4)
  6 goblins
  9 hobgoblins
  12 jackals
  5 quokkas
  8 bats
  6 frilled lizards
  A goblin skeleton (D:9)
  A jackal skeleton (D:9)
  A jackal zombie (D:9)
  11 kobolds
  5 rats
309 creatures vanquished.

Vanquished Creatures (others)
  2 orc wizards (D:8)
2 creatures vanquished.

Grand Total: 311 creatures vanquished

Notes
Turn   | Place    | Note
-------+----------+-------------------------------------------
     0 | D:1      | mopl the Merfolk Fighter began the quest for the Orb.
     0 | D:1      | Reached XP level 1. HP: 18/18 MP: 1/1
    34 | D:1      | Found Qaonn's Antique Weapon Shop.
   135 | D:1      | Reached XP level 2. HP: 19/24 MP: 2/2
   232 | D:1      | Reached skill level 3 in Long Blades
   232 | D:1      | Reached skill level 1 in Dodging
   310 | D:1      | Got the Teachings on Blinking Freezing
   365 | D:1      | Reached XP level 3. HP: 11/29 MP: 3/3
   743 | D:2      | Reached XP level 4. HP: 37/37 MP: 4/4
  1185 | D:2      | Reached skill level 4 in Long Blades
  1494 | D:3      | Reached XP level 5. HP: 40/42 MP: 5/5
  1575 | D:3      | Found a shadowy altar of Dithmenos.
  1660 | D:3      | Found a shimmering altar of Xom.
  2276 | D:4      | Reached XP level 6. HP: 27/48 MP: 6/6
  2287 | D:4      | Reached skill level 5 in Long Blades
  2914 | D:4      | Found a glowing silver altar of Zin.
  2914 | D:4      | Noticed an angel
  3083 | D:4      | Reached XP level 7. HP: 19/55 MP: 7/7
  3303 | D:5      | Entered Level 5 of the Dungeon
  3319 | D:5      | Found a white marble altar of Elyvilon.
  3321 | D:5      | Found a burning altar of Makhleb.
  3355 | D:5      | Found a staircase to the Ecumenical Temple.
  3363 | Temple   | Entered the Ecumenical Temple
  3378 | Temple   | Became a worshipper of Warmaster Okawaru
  3421 | D:5      | Reached skill level 6 in Long Blades
  3421 | D:5      | Reached skill level 1 in Throwing
  3563 | D:5      | Noticed Eustachio
  3593 | D:5      | Killed Eustachio
  3593 | D:5      | Reached * piety under Okawaru
  3594 | D:5      | Reached skill level 5 in Fighting
  3594 | D:5      | Reached skill level 1 in Invocations
  3893 | D:5      | Reached XP level 8. HP: 59/62 MP: 9/9
  3908 | D:5      | Noticed Blork the orc
  3931 | D:5      | Killed Blork the orc
  4134 | D:5      | Reached skill level 7 in Long Blades
  4183 | D:5      | Reached skill level 5 in Dodging
  4223 | D:5      | Reached ** piety under Okawaru
  4867 | D:5      | HP: 3/64 [poisoned by a water moccasin]
  5070 | D:5      | Reached XP level 9. HP: 69/69 MP: 11/11
  5158 | D:5      | Found a burning altar of Makhleb.
  5161 | D:5      | Found a white marble altar of Elyvilon.
  5310 | D:5      | Reached skill level 8 in Long Blades
  5393 | D:5      | Found a staircase to the Ecumenical Temple.
  5804 | D:6      | Found a runed translucent door.
  5804 | D:6      | Noticed unihiutale's ghost (novice OpDe)
  6344 | D:6      | Noticed Pikel
  6704 | D:6      | Found a runed translucent door.
  6735 | D:6      | Killed Pikel
  6735 | D:6      | Reached *** piety under Okawaru
  7393 | D:7      | Reached skill level 9 in Long Blades
  7673 | D:7      | Found an ancient bone altar of Kikubaaqudgha.
  8399 | D:8      | Found a staircase to the Lair.
  8600 | D:7      | Reached skill level 1 in Evocations
  8600 | D:7      | Reached XP level 10. HP: 75/77 MP: 13/13
  8642 | D:7      | Reached **** piety under Okawaru
  9341 | D:8      | You fall into a shaft and drop 1 floor!
  9379 | D:9      | Reached skill level 10 in Long Blades
  9730 | D:9      | Found a runed translucent door.
  9736 | D:9      | Found a basalt altar of Yredelemnul.
  9846 | D:9      | Reached skill level 5 in Invocations
  9934 | D:9      | Noticed a gargoyle
  9951 | D:9      | Killed a gargoyle
  9952 | D:9      | Reached skill level 5 in Throwing
  9952 | D:9      | Reached skill level 5 in Armour
 10008 | D:9      | Found a shimmering blue altar of Sif Muna.
 10531 | D:8      | Found a bloodstained altar of Trog.
 11163 | D:10     | Entered Level 10 of the Dungeon
 11200 | D:10     | Killed an unseen horror
 11313 | D:10     | Noticed a kobold demonologist
 11342 | D:10     | Noticed a soul eater
 11344 | D:10     | Killed a kobold demonologist
 11355 | D:10     | Reached ***** piety under Okawaru
 11356 | D:10     | Reached XP level 11. HP: 51/85 MP: 15/15
 11621 | D:10     | Paralysed by a hornet for 3 turns
 12198 | D:11     | Noticed a death knight
 12200 | D:11     | Noticed a centaur warrior
 12241 | D:11     | Reached skill level 11 in Long Blades
 12473 | D:11     | Noticed a cyclops
 12501 | D:11     | Killed a cyclops
 12729 | Lair:1   | Entered Level 1 of the Lair of Beasts
 13409 | Lair:1   | Received a gift from Okawaru
 14335 | Lair:1   | Noticed an oklob plant
 14710 | Lair:2   | Reached skill level 12 in Long Blades
 14844 | Lair:2   | Received a gift from Okawaru
 14987 | Lair:2   | Reached XP level 12. HP: 74/94 MP: 17/17
 15434 | Lair:2   | Noticed a catoblepas
 15447 | Lair:2   | Killed a catoblepas
 15744 | Lair:3   | Noticed a four-headed hydra
 15753 | Lair:3   | Killed a one-headed hydra
 15923 | Lair:3   | Slain by a culicivora

Illustrated notes

Levels and vault maps discovered:
D:1:      zelgadis_glass_arrival_small, layout_rooms, serial_shops, shop,
          columned_hall_lemuel, minmay_split_cup_small
D:2:      minmay_razor_zed, layout_loops_ring, kennysheep_generic_room_9
D:3:      layout_loops_ring, nicolae_dithmenos_shadow_blocks, xom_butterflies
D:4:      layout_rooms, zin_angel
D:5:      layout_gridville, nicolae_overflow_squiral, minmay_temple_entry_hall,
          eino_small_chamber_without_monster, uniq_blork_the_orc, uniq_eustachio
D:6:      layout_loops_cross, hellmonk_ghost_happy_afterlife, uniq_pikel
D:7:      wad_pebble_path, layout_basic, overflow_temple_1_default,
          kennysheep_pointless_box
D:8:      layout_basic, trog_antimagical, minmay_lair_entry_grove
D:9:      layout_roguey, dk_yredelemnul_ordeal,
          mainiacjoe_overflow_cross_hatched, grunt_decor_fettered,
          kennysheep_doodads
D:10:     layout_irregular_city
D:11:     minmay_curly_fans, layout_gridville, minmay_starry_boxes
Temple:   hellmonk_temple_forest_ring
Lair:1:   layout_cellular_growth
Lair:2:   layout_roguey
Lair:3:   layout_long_grid, nicolae_swamp_entry_splash_gauntlet,
          hellmonk_spider_entry_life_and_decay, grunt_forest_small_clearings,
          minmay_shattered_shrine, grunt_megastairs_4, lemuel_fruit_tree

Skill      XL: |  1  2  3  4  5  6  7  8  9 10 11 12 |
---------------+-------------------------------------+-----
Long Blades    | 3 4 5 6 7 9 10 12 | 12.5
Dodging        | 1 2 3 4 5 6 8 9 |  9.5
Fighting       | 4 5 6 7 8 |  8.9
Armour         | 3 4 5 6 |  6.1
Throwing       | 1 3 4 5 6 |  6.8
Invocations    | 1 3 4 5 6 7 |  7.0
Evocations     | 1 3 4 |  4.9
Shields        | |  3.0

Action                     |  1- 3 |  4- 6 |  7- 9 | 10-12 || total
---------------------------+-------+-------+-------+-------++-------
  Melee: Long sword        |   110 |   146 |    39 |    42 ||   337
         Short sword       |       |   168 |   655 |   118 ||   941
         Tailslap          |       |       |     3 |       ||     3
         Scimitar          |       |       |       |   531 ||   531
  Throw: Dart              |       |       |       |    10 ||    10
 Invoke: Heroism           |       |       |       |     6 ||     6
  Evoke: Wand              |       |       |       |     1 ||     1
    Use: Potion            |       |       |     2 |     3 ||     5
         Scroll            |       |       |     1 |     9 ||    10
 Armour: Scale mail        |    65 |       |       |       ||    65
         Plate armour      |    24 |   299 |   576 |   581 ||  1480
  Dodge: Dodged            |    59 |   121 |   269 |   299 ||   748
         Repelled          |       |       |     3 |     2 ||     5
  Block: Buckler           |    32 |    68 |   161 |   151 ||   412
